 Dungeon Sprint DCSS version 0.29.1-2-gbd0b4ee654 (webtiles) character file.

Game seed: 9667069560807240257

290 boopmooplesden the Spear-Bearer (level 6, -13/99 HPs)
             Began as a Minotaur Berserker on Nov 29, 2022.
             Was a Follower of Trog.
             Mangled by a boulder beetle (14 damage)
             ... in the Dungeon (Sprint II: "The Violet Keep of Menkaure").
             The game lasted 00:00:22 (179 turns).

boopmooplesden the Spear-Bearer (Minotaur Berserker) Turns: 179, Time: 00:00:22

Health: -13/99     AC:  2    Str: 23    XL:     6   Next: 9%
Magic:  5/5        EV: 13    Int:  4    God:    Trog [*.....]
Gold:   243        SH:  0    Dex: 10    Spells: 5/5 levels left

rFire   . . .      SeeInvis .   a - +0 spear
rCold   . . .      Faith    .   (no shield)
rNeg    . . .      Spirit   .   b - +0 animal skin
rPois   .          Reflect  .   (helmet restricted)
rElec   .          Harm     .   (no cloak)
rCorr   .          Rampage  .   (no gloves)
Will    .....      NoTele   +   (no boots)
Stlth   ..........              (no amulet)
HPRegen 0.26/turn               (no ring)
MPRegen 0.09/turn               (no ring)

@: berserking (expiring), very quick
A: horns 2, retaliatory headbutt
a: Renounce Religion, Berserk


You were in the Dungeon.
You worshipped Trog.
Trog was aware of your devotion.
You visited 1 branch You collected 243 gold pieces.

Inventory:

Hand Weapons
 a - a +0 spear (weapon)
Armour
 b - a +0 animal skin (worn)
Scrolls
 h - a scroll of blinking
Potions
 c - a potion of curing
 d - a potion of heal wounds
 e - a potion of haste
 f - 2 potions of magic
 g - a potion of berserk rage


   Skills:
 + Level 10.1 Fighting
 + Level 10.3 Polearms
 + Level 5.3 Armour
 + Level 5.3 Dodging


You had 5 spell levels left.
You didn't know any spells.
Your spell library was empty.

Dungeon Overview and Level Annotations

Branches:
Dungeon (1/1)

Altars:

Annotations:
D Menkaure


Innate Abilities, Weirdness & Mutations

You have a pair of horns on your head.
You reflexively headbutt those who attack you in melee.


Message History

The boulder beetle is moderately wounded.
You hit the boulder beetle but do no damage.
You headbutt the boulder beetle, but do no damage.
The boulder beetle is moderately wounded.
Menkaure mumbles some strange words.
Menkaure seems to speed up.
The boulder beetle bites you!
The boulder beetle leaps!
You hit the boulder beetle but do no damage.
You headbutt the boulder beetle.
The boulder beetle is moderately wounded.
You completely miss the boulder beetle.
You headbutt the boulder beetle, but do no damage.
You punch the boulder beetle, but do no damage.
The boulder beetle is moderately wounded.
Menkaure calls on the powers of darkness!
The boulder beetle convulses!
Your body is wracked with pain!
You puncture the boulder beetle!
You headbutt the boulder beetle, but do no damage.
The boulder beetle is severely wounded.
The boulder beetle misses you.
You hit the boulder beetle.
The boulder beetle is almost dead.
Menkaure calls on the powers of darkness!
The boulder beetle convulses!
Your body is wracked with pain!
* * * LOW HITPOINT WARNING * * *
You hit the boulder beetle but do no damage.
You headbutt the boulder beetle, but do no damage.
The boulder beetle is almost dead.
You hit the boulder beetle but do no damage.
The boulder beetle is almost dead.
The boulder beetle bites you!
* * * LOW HITPOINT WARNING * * *
You hit the boulder beetle but do no damage.
You headbutt the boulder beetle, but do no damage.
The boulder beetle is almost dead.
You hit the boulder beetle but do no damage.
You headbutt the boulder beetle, but do no damage.
The boulder beetle is almost dead.
The boulder beetle bites you!
You die...

##+##
##.#.##
#.###.#
##.#.## #
##†## .##
##.##...#
+.<@B#
##.##M..#
#+# .## #


You could see a boulder beetle and Menkaure (fast).

Vanquished Creatures
  2 wyverns (D)
2 creatures vanquished.

Notes
Turn   | Place    | Note
-------+----------+-------------------------------------------
     0 | D        | boopmooplesden the Minotaur Berserker began the quest for
                  | the Orb.
     0 | D        | Reached XP level 1. HP: 19/19 MP: 0/0
     1 | D        | Noticed a boulder beetle
     1 | D        | Noticed a boulder beetle
     4 | D        | Noticed a wyvern
     4 | D        | Noticed a wyvern
    14 | D        | Killed a wyvern
    15 | D        | Reached XP level 2. HP: 17/36 MP: 1/1
    15 | D        | Reached XP level 3. HP: 19/41 MP: 2/2
    15 | D        | Reached XP level 4. HP: 23/49 MP: 3/3
    15 | D        | Reached XP level 5. HP: 26/55 MP: 4/4
    17 | D        | Killed a wyvern
    18 | D        | Reached skill level 10 in Fighting
    18 | D        | Reached skill level 10 in Polearms
    18 | D        | Reached skill level 5 in Armour
    18 | D        | Reached skill level 5 in Dodging
    18 | D        | Reached XP level 6. HP: 32/66 MP: 5/5
   163 | D        | Noticed Menkaure
   177 | D        | HP: 1/99 [boulder beetle (16)]
   179 | D        | Mangled by a boulder beetle

Illustrated notes

Levels and vault maps discovered:
D:        the_violet_keep_of_menkaure [sprint2_stairs_cluster_1,
          sprint2_shoproom, sprint2_temple, sprint2_basic_supplies,
          sprint2_obstacle_2, sprint2_obstacle_5, sprint2_obstacle_1,
          sprint2_obstacle_4, sprint2_obstacle_7, sprint2_timed_cluster_1,
          sprint2_smallroom_cluster_1, sprint2_smallroom_final_cluster_1,
          sprint2_transparent_cluster_1, sprint2_second_timed_cluster_1,
          sprint2_sniper_area_1, sprint2_heavy_combat_area_1,
          sprint2_mutation_trap_area_1, sprint2_forest_area_1,
          sprint2_light_combat_area_1, sprint2_behind_water_1,
          sprint2_near_end_vault_1]

Skill      XL: |  1  2  3  4  5 |
---------------+----------------+-----
Fighting       | 8 10 | 10.1
Polearms       | 8 10 | 10.3
Armour         | 4 5 |  5.3
Dodging        | 4 5 |  5.3

Action                   |  1- 3 |  4- 6 || total
-------------------------+-------+-------++-------
Melee: Spear             |     9 |    17 ||    26
       Headbutt          |     2 |     9 ||    11
       Punch             |       |     1 ||     1
Invok: Berserk           |     1 |     1 ||     2
Armor: Animal skin       |     1 |       ||     1
Dodge: Dodged            |     3 |     2 ||     5
